| TOP OF THE 1ST |
|
Durham Bulls batting - Pitching for Rochester Red Wings : LHP Jim Storer
|
|
Pitching: LHP Jim Storer
|
|
|
Batting: LHB Angel Ruvalcaba
|
0-0: Ball 1-0: DOUBLE (Flyball, 89D, EV 97.5 MPH)
|
|
Batting: SHB Ben Pierce
|
0-0: Foul Ball, location: 2F 0-1: Called Strike 0-2: Ball 1-2: Foul Ball, location: 2F 1-2: Ball 2-2: Strikes out swinging
|
|
Batting: RHB Eugênio Asceno
|
0-0: Foul Ball, location: 2F 0-1: Ball 1-1: Ground out 5-3 (Groundball, 56, EV 83.8 MPH)
|
|
Batting: RHB Danny Diaz
|
0-0: Ball 1-0: Ball 2-0: Called Strike 2-1: Swinging Strike 2-2: Ball 3-2: Strikes out looking and he ARGUES THE CALL AND IS TOSSED!
|
| Top of the 1st over - 0 runs, 1 hit, 0 errors, 1 left on base; Durham 0 - Rochester 0 |
| BOTTOM OF THE 1ST |
|
Rochester Red Wings batting - Pitching for Durham Bulls : LHP T.J. Epley
|
|
Pitching: LHP T.J. Epley
|
|
|
Now at 3B: Danny Hull
|
|
|
Now at SS: Dusty Camelli
|
|
|
Batting: LHB Peer Derks
|
0-0: Called Strike 0-1: Ball 1-1: Called Strike 1-2: Ball 2-2: Strikes out swinging
|
|
Batting: RHB Hildo Pot
|
0-0: SINGLE (Line Drive, 34D, EV 95.0 MPH)
|
|
Batting: RHB Michel Martineau
|
0-0: Ball 1-0: Swinging Strike 1-1: Foul Ball, location: 2F 1-2: Fly out, F8 (Flyball, 8RXD, EV 101.3 MPH)
|
|
Batting: RHB Jimmy Buzard
|
0-0: Foul Ball, location: 2F 0-1: Foul Ball, location: 2F 0-2: Ball Hildo Pot steals 2nd base 1-2: Foul Ball, location: 2F 1-2: Ground out 6-3 (Groundball, 6, EV 99.4 MPH)
|
| Bottom of the 1st over - 0 runs, 1 hit, 0 errors, 1 left on base; Durham 0 - Rochester 0 |
| TOP OF THE 2ND |
|
Durham Bulls batting - Pitching for Rochester Red Wings : LHP Jim Storer
|
|
Batting: LHB Robin More
|
0-0: Ball 1-0: Swinging Strike 1-1: Ball 2-1: Fly out, F9 (Line Drive, 9, EV 91.9 MPH)
|
|
Batting: RHB Kevin Kush
|
0-0: Foul Ball, location: 2F 0-1: Ball 1-1: Fly out, F8 (Flyball, 8RXD, EV 86.9 MPH)
|
|
Batting: LHB Brian Hollinger
|
0-0: Called Strike 0-1: Ball 1-1: Called Strike 1-2: Foul Ball, location: 2F 1-2: Foul Ball, location: 2F 1-2: Fly out, F7 (Flyball, 78D, EV 91.9 MPH)
|
| Top of the 2nd over - 0 runs, 0 hits, 0 errors, 0 left on base; Durham 0 - Rochester 0 |
| BOTTOM OF THE 2ND |
|
Rochester Red Wings batting - Pitching for Durham Bulls : LHP T.J. Epley
|
|
Batting: RHB Jesse Scott
|
0-0: Ground out 5-3 (Groundball, 25, EV 88.1 MPH)
|
|
Batting: RHB Cesar Yega
|
0-0: Ball 1-0: Ball 2-0: Called Strike 2-1: Ball 3-1: Called Strike 3-2: Base on Balls
|
|
Batting: RHB Eric Narrow
|
0-0: Ball 1-0: SINGLE (Line Drive, 34D, EV 103.8 MPH) Cesar Yega to second
|
|
Batting: RHB Mario Taureda
|
0-0: Ball Cesar Yega steals 3rd base Eric Narrow to second 1-0: Ground out 2-3 (Groundball, 2R, EV 55.0 MPH)
|
|
Batting: RHB Bobby Blanchard
|
0-0: Called Strike 0-1: Hit by Pitch
|
|
Batting: LHB Peer Derks
|
0-0: Fly out, F9 (Flyball, 89D, EV 81.3 MPH)
|
| Bottom of the 2nd over - 0 runs, 1 hit, 0 errors, 3 left on base; Durham 0 - Rochester 0 |
| TOP OF THE 3RD |
|
Durham Bulls batting - Pitching for Rochester Red Wings : LHP Jim Storer
|
|
Batting: RHB Giuliano Giacoletti
|
0-0: Ball 1-0: Swinging Strike 1-1: DOUBLE (Groundball, 5L, EV 93.8 MPH)
|
|
Batting: LHB Danny Hull
|
0-0: Called Strike 0-1: Foul Ball, location: 2F 0-2: Ball 1-2: Ball 2-2: Fly out, F5 (Line Drive, 5, EV 68.1 MPH)
|
|
Batting: LHB Angel Ruvalcaba
|
0-0: Ground out U3 (Groundball, 13, EV 81.9 MPH) Giuliano Giacoletti to third
|
|
Batting: SHB Ben Pierce
|
0-0: Ball 1-0: Ball 2-0: Foul Ball, location: 2F 2-1: Swinging Strike 2-2: SINGLE (Line Drive, 3D, EV 99.4 MPH) Giuliano Giacoletti scores
|
|
Batting: RHB Eugênio Asceno
|
0-0: Ball 1-0: Swinging Strike 1-1: Swinging Strike 1-2: Ball 2-2: Ball 3-2: Foul Ball, location: 2F 3-2: Foul Ball, location: 2F 3-2: Strikes out swinging
|
| Top of the 3rd over - 1 run, 2 hits, 0 errors, 1 left on base; Durham 1 - Rochester 0 |
| BOTTOM OF THE 3RD |
|
Rochester Red Wings batting - Pitching for Durham Bulls : LHP T.J. Epley
|
|
Batting: RHB Hildo Pot
|
0-0: Ball 1-0: Called Strike 1-1: Ball 2-1: Called Strike 2-2: Fly out, F9 (Line Drive, 9S, EV 103.1 MPH)
|
|
Batting: RHB Michel Martineau
|
0-0: Foul Ball, location: 2F 0-1: Foul Ball, location: 2F 0-2: Ball 1-2: Foul Ball, location: 2F 1-2: Ball 2-2: SINGLE (Groundball, 4D, EV 98.1 MPH)
|
|
Batting: RHB Jimmy Buzard
|
0-0: Ball 1-0: Ball 2-0: Foul Ball, location: 2F 2-1: Foul Ball, location: 2F 2-2: Ball 3-2: Base on Balls Michel Martineau to second
|
|
Batting: RHB Jesse Scott
|
0-0: Ball 1-0: Called Strike 1-1: Ball 2-1: Swinging Strike 2-2: Ball 3-2: Base on Balls Michel Martineau to third Jimmy Buzard to second
|
|
Batting: RHB Cesar Yega
|
0-0: Called Strike 0-1: Ball 1-1: Ball 2-1: Ball 3-1: Base on Balls Michel Martineau scores Jimmy Buzard to third Jesse Scott to second
|
|
Batting: RHB Eric Narrow
|
0-0: Fielders Choice at 2nd, 4-6 (Groundball, 4, EV 98.8 MPH) Jimmy Buzard scores Jesse Scott to third
|
|
Batting: RHB Mario Taureda
|
0-0: Ball 1-0: Foul Ball, location: 2F 1-1: Fly out, F4 (Line Drive, 4, EV 62.5 MPH)
|
| Bottom of the 3rd over - 2 runs, 1 hit, 0 errors, 2 left on base; Durham 1 - Rochester 2 |
| TOP OF THE 4TH |
|
Durham Bulls batting - Pitching for Rochester Red Wings : LHP Jim Storer
|
|
Batting: RHB Dusty Camelli
|
0-0: Ball 1-0: Swinging Strike 1-1: Ball 2-1: Called Strike 2-2: Foul Ball, location: 2F 2-2: Foul Ball, location: 2F 2-2: Strikes out swinging
|
|
Batting: LHB Robin More
|
0-0: Foul Ball, location: 2F 0-1: Ball 1-1: Ball 2-1: Called Strike 2-2: Foul Ball, location: 2F 2-2: Strikes out swinging
|
|
Batting: RHB Kevin Kush
|
0-0: Ball 1-0: Ball 2-0: Ball 3-0: Called Strike 3-1: Called Strike 3-2: Strikes out swinging
|
| Top of the 4th over - 0 runs, 0 hits, 0 errors, 0 left on base; Durham 1 - Rochester 2 |
| BOTTOM OF THE 4TH |
|
Rochester Red Wings batting - Pitching for Durham Bulls : LHP T.J. Epley
|
|
Batting: RHB Bobby Blanchard
|
0-0: Ball 1-0: Foul Ball, location: 2F 1-1: Called Strike 1-2: Strikes out swinging
|
|
Batting: LHB Peer Derks
|
0-0: Foul Ball, location: 2F 0-1: Called Strike 0-2: Ball 1-2: Fly out, F7 (Flyball, 78M, EV 93.8 MPH)
|
|
Batting: RHB Hildo Pot
|
0-0: Ball 1-0: Swinging Strike 1-1: Foul Ball, location: 2F 1-2: Ball 2-2: Strikes out swinging
|
| Bottom of the 4th over - 0 runs, 0 hits, 0 errors, 0 left on base; Durham 1 - Rochester 2 |
| TOP OF THE 5TH |
|
Durham Bulls batting - Pitching for Rochester Red Wings : LHP Jim Storer
|
|
Batting: LHB Brian Hollinger
|
0-0: Ball 1-0: Foul Ball, location: 2F 1-1: Called Strike 1-2: Ground out 6-3 (Groundball, 6, EV 86.9 MPH)
|
|
Batting: RHB Giuliano Giacoletti
|
0-0: SINGLE (Groundball, 6M, EV 110.6 MPH) (infield hit)
|
|
Batting: LHB Danny Hull
|
0-0: Called Strike 0-1: Ball 1-1: Foul Ball, location: 2F 1-2: Fielders Choice at 2nd, 5-4 (Groundball, 5, EV 86.9 MPH)
|
|
Batting: LHB Angel Ruvalcaba
|
0-0: Swinging Strike 0-1: Ball 1-1: Called Strike 1-2: TRIPLE (Flyball, 78XD, EV 101.3 MPH) Danny Hull scores
|
|
Batting: SHB Ben Pierce
|
0-0: Called Strike 0-1: Ball 1-1: SINGLE (Line Drive, 34, EV 101.3 MPH) Angel Ruvalcaba scores
|
|
Batting: RHB Eugênio Asceno
|
0-0: Called Strike 0-1: Ball Ben Pierce steals 2nd base 1-1: Called Strike 1-2: Ground out 5-3 (Groundball, 56, EV 86.3 MPH)
|
| Top of the 5th over - 2 runs, 3 hits, 0 errors, 1 left on base; Durham 3 - Rochester 2 |
| BOTTOM OF THE 5TH |
|
Rochester Red Wings batting - Pitching for Durham Bulls : LHP T.J. Epley
|
|
Batting: RHB Michel Martineau
|
0-0: Ball 1-0: Foul Ball, location: 2F 1-1: Ball 2-1: Ground out 4-3 (Groundball, 4M, EV 108.8 MPH)
|
|
Batting: RHB Jimmy Buzard
|
0-0: Ball 1-0: Foul Ball, location: 2F 1-1: Foul Ball, location: 2F 1-2: SINGLE (Flyball, 8LS, EV 91.3 MPH)
|
|
Batting: RHB Jesse Scott
|
0-0: Called Strike 0-1: Swinging Strike 0-2: Ball 1-2: Strikes out looking
|
|
Batting: RHB Cesar Yega
|
0-0: Called Strike 0-1: Foul Ball, location: 2F 0-2: Hit by Pitch Jimmy Buzard to second
|
|
Batting: RHB Eric Narrow
|
0-0: Ball 1-0: Ground out 5-3 (Groundball, 56S, EV 67.5 MPH)
|
| Bottom of the 5th over - 0 runs, 1 hit, 0 errors, 2 left on base; Durham 3 - Rochester 2 |
| TOP OF THE 6TH |
|
Durham Bulls batting - Pitching for Rochester Red Wings : LHP Jim Storer
|
|
Batting: RHB Dusty Camelli
|
0-0: Called Strike 0-1: Ball 1-1: Foul Ball, location: 2F 1-2: Strikes out swinging
|
|
Pitching: RHP Hiromasa Kumasaka
|
|
|
Batting: LHB Robin More
|
0-0: Ground out 4-3 (Groundball, 4, EV 83.8 MPH)
|
|
Batting: RHB Kevin Kush
|
0-0: Ball 1-0: Fly out, F7 (Flyball, 7LM, EV 85.6 MPH)
|
| Top of the 6th over - 0 runs, 0 hits, 0 errors, 0 left on base; Durham 3 - Rochester 2 |
| BOTTOM OF THE 6TH |
|
Rochester Red Wings batting - Pitching for Durham Bulls : LHP T.J. Epley
|
|
Batting: RHB Mario Taureda
|
0-0: Called Strike 0-1: Foul Ball, location: 2F 0-2: Hit by Pitch
|
|
Batting: RHB Bobby Blanchard
|
0-0: Ball 1-0: Ball 2-0: Foul Ball, location: 2F 2-1: Ball 3-1: Called Strike 3-2: Foul Ball, location: 2F 3-2: Strikes out looking Mario Taureda steals 2nd base (no throw) Batter strikes out.
|
|
Batting: LHB Peer Derks
|
0-0: Ball 1-0: Ball 2-0: Ball 3-0: SINGLE (Line Drive, 78S, EV 97.5 MPH) Mario Taureda to third Runner from 3rd tries for Home, SAFE, throw by LF to home
|
|
Batting: RHB Hildo Pot
|
0-0: Foul Ball, location: 2F 0-1: Ball 1-1: SINGLE (Line Drive, 6MD, EV 100.0 MPH) Peer Derks to second Runner from 2nd tries for 3rd, SAFE, no throw by CF
|
|
Pitching: RHP Jon Killen
|
|
|
Pinch Runner at 3rd Joe Zimmerman:
|
|
|
Batting: RHB Michel Martineau
|
0-0: Ball 1-0: Ball 2-0: Foul Ball, location: 2F 2-1: SINGLE (Groundball, 4M, EV 102.5 MPH) Joe Zimmerman scores Hildo Pot to second Runner from 2nd tries for 3rd, SAFE, no throw by CF
|
|
Batting: RHB Jimmy Buzard
|
0-0: Ball 1-0: Ball 2-0: Called Strike 2-1: Ball 3-1: SINGLE (Groundball, 4MD, EV 106.3 MPH) Hildo Pot scores Michel Martineau to second Runner from 2nd tries for 3rd, SAFE, throw by CF made to third
|
|
Batting: RHB Jesse Scott
|
0-0: Ball 1-0: Called Strike 1-1: Ball 2-1: Ball 3-1: Called Strike 3-2: Base on Balls Jimmy Buzard to second
|
|
Batting: RHB Cesar Yega
|
0-0: Ball 1-0: Foul Ball, location: 2F 1-1: Ball 2-1: Called Strike 2-2: Strikes out swinging
|
|
Batting: RHB Eric Narrow
|
0-0: SINGLE (Groundball, 6MS, EV 71.9 MPH) (infield hit) Michel Martineau scores Jimmy Buzard to third Jesse Scott to second
|
|
Batting: RHB Mario Taureda
|
0-0: Called Strike 0-1: Foul Ball, location: 2F 0-2: Ball 1-2: Foul Ball, location: 2F 1-2: Foul Ball, location: 2F 1-2: Strikes out swinging
|
| Bottom of the 6th over - 4 runs, 5 hits, 0 errors, 3 left on base; Durham 3 - Rochester 6 |
| TOP OF THE 7TH |
|
Durham Bulls batting - Pitching for Rochester Red Wings : RHP Hiromasa Kumasaka
|
|
Now in CF: Aaron Trotman
|
|
|
Batting: LHB Brian Hollinger
|
0-0: Ball 1-0: Foul Ball, location: 2F 1-1: Called Strike 1-2: Ball 2-2: Ball 3-2: Foul Ball, location: 2F 3-2: Foul Ball, location: 2F 3-2: SINGLE (Groundball, 4MD, EV 98.1 MPH)
|
|
Batting: RHB Giuliano Giacoletti
|
0-0: Ball 1-0: Bunted foul 1-1: Bunt missed! 1-2: Ball 2-2: DOUBLE (Line Drive, 9LM, EV 100.0 MPH) Brian Hollinger to third
|
|
Batting: LHB Danny Hull
|
0-0: Called Strike 0-1: Called Strike 0-2: Strikes out looking
|
|
Batting: LHB Angel Ruvalcaba
|
0-0: Ball 1-0: SINGLE (Groundball, 34D, EV 101.9 MPH) Brian Hollinger scores Giuliano Giacoletti to third
|
|
Batting: SHB Ben Pierce
|
0-0: Called Strike Angel Ruvalcaba steals 2nd base 0-1: Ball 1-1: Ground out 4-3 (Groundball, 4, EV 103.1 MPH) Giuliano Giacoletti scores Angel Ruvalcaba to third
|
|
Batting: RHB Eugênio Asceno
|
0-0: Ball 1-0: Foul Ball, location: 2F 1-1: Ball 2-1: Called Strike 2-2: Foul Ball, location: 2F 2-2: Fly out, F9 (Flyball, 9D, EV 85.0 MPH)
|
| Top of the 7th over - 2 runs, 3 hits, 0 errors, 1 left on base; Durham 5 - Rochester 6 |
| BOTTOM OF THE 7TH |
|
Rochester Red Wings batting - Pitching for Durham Bulls : RHP Jon Killen
|
|
Batting: RHB Bobby Blanchard
|
0-0: Called Strike 0-1: Swinging Strike 0-2: Strikes out looking
|
|
Batting: RHB Aaron Trotman
|
0-0: Ball 1-0: Foul Ball, location: 2F 1-1: Foul Ball, location: 2F 1-2: Ball 2-2: Strikes out looking
|
|
Batting: RHB Hildo Pot
|
0-0: Called Strike 0-1: Ball 1-1: Ball 2-1: Ground out 5-3 (Groundball, 56S, EV 82.5 MPH)
|
| Bottom of the 7th over - 0 runs, 0 hits, 0 errors, 0 left on base; Durham 5 - Rochester 6 |
| TOP OF THE 8TH |
|
Durham Bulls batting - Pitching for Rochester Red Wings : RHP Hiromasa Kumasaka
|
|
Batting: RHB Dusty Camelli
|
0-0: Called Strike 0-1: Ball 1-1: Foul Ball, location: 2F 1-2: Foul Ball, location: 2F 1-2: Strikes out looking
|
|
Batting: LHB Robin More
|
0-0: Swinging Strike 0-1: Ball 1-1: Fly out, F2 (Popup, 2LF, EV 90.6 MPH)
|
|
Pinch Hitting: SHB Soudai Abe
|
0-0: Ball 1-0: Ball 2-0: Called Strike 2-1: Ball 3-1: Base on Balls
|
|
Pitching: RHP Fernando Macias
|
|
|
Batting: LHB Brian Hollinger
|
0-0: Ground out 4-3 (Groundball, 34S, EV 87.5 MPH)
|
| Top of the 8th over - 0 runs, 0 hits, 0 errors, 1 left on base; Durham 5 - Rochester 6 |
| BOTTOM OF THE 8TH |
|
Rochester Red Wings batting - Pitching for Durham Bulls : RHP Jon Killen
|
|
Pitching: RHP Ken Vandercook
|
|
|
Now in LF: Angel Ruvalcaba
|
|
|
Now in CF: Jeremy Burton
|
|
|
Batting: RHB Michel Martineau
|
0-0: Ball 1-0: Foul Ball, location: 2F 1-1: Fly out, F4 (Popup, 4MD, EV 46.9 MPH)
|
|
Batting: RHB Jimmy Buzard
|
0-0: Ball 1-0: Swinging Strike 1-1: Foul Ball, location: 2F 1-2: Ball 2-2: Foul Ball, location: 2F 2-2: Foul Ball, location: 2F 2-2: SINGLE (Groundball, 34S, EV 61.3 MPH) (infield hit)
|
|
Batting: RHB Jesse Scott
|
0-0: Swinging Strike 0-1: Called Strike 0-2: Ball 1-2: Strikes out swinging
|
|
Batting: RHB Cesar Yega
|
0-0: Called Strike 0-1: Foul Ball, location: 2F 0-2: Ball 1-2: Strikes out swinging
|
| Bottom of the 8th over - 0 runs, 1 hit, 0 errors, 1 left on base; Durham 5 - Rochester 6 |
| TOP OF THE 9TH |
|
Durham Bulls batting - Pitching for Rochester Red Wings : RHP Fernando Macias
|
|
Pitching: RHP Harry Pratt
|
|
|
Now at 1B: Alvin Wiederhold
|
|
|
Batting: RHB Giuliano Giacoletti
|
0-0: Fly out, F8 (Flyball, 8LD, EV 103.1 MPH)
|
|
Batting: LHB Danny Hull
|
0-0: Ball 1-0: SINGLE (Groundball, 34D, EV 94.4 MPH)
|
|
Batting: LHB Angel Ruvalcaba
|
0-0: Called Strike 0-1: Fielders Choice at 2nd, 4-6 (Groundball, 4, EV 83.8 MPH)
|
|
Batting: SHB Ben Pierce
|
0-0: Called Strike 0-1: Fielders Choice at 2nd, 6-4 (Groundball, 6, EV 104.4 MPH)
|
| Top of the 9th over - 0 runs, 1 hit, 0 errors, 1 left on base; Durham 5 - Rochester 6 |
|